AoeStats
← Julian

Lombardia

507501555Analyzed
4v4 RM · 15d ago on Sep 18, 2026· 23m 42s· 8 players
Game mode
Random Map
Map size
Large (8 player)
Population
200
Speed
Normal
Resources
Standard
Victory
Conquest
Starting age
Dark Age
Ending age
Imperial Age
RankedLock teamsTeams togetherTeam positionsShared explorationLock speedFull tech treeHidden civsTurbo modeCheats
Victory
Defeat
🇫🇷 Romans · France
1282
+17
🇦🇿 Magyars · Azerbaijan
1267
+18
🇯🇵 Spanish · Japan
1250
+19
🇫🇷 Mongols · France
1247
+19
🇨🇳 Tatars · China
1378
-21
🇨🇳 Armenians · China
1318
-19
🇦🇺 Turks · Australia
1281
-17
🇨🇳 Huns · China
1249
-16
kiff57
9:15 Feudal Age
16:23 Castle Age
14:41 Double-Bit Axe
16:00 Forging
16:07 Bloodlines
16:04 Gold Mining
17:12 Loom
19:42 Husbandry
20:25 Iron Casting
23:49 Scale Barding Armor
zhao_web
9:12 Loom
10:57 Feudal Age
12:10 Double-Bit Axe
17:57 Castle Age
15:55 Horse Collar
16:24 Stone Mining
16:49 Gold Mining
17:34 Scale Barding Armor
20:19 Forging
kiff58
9:06 Loom
11:05 Feudal Age
14:40 Castle Age
12:50 Double-Bit Axe
15:58 Bow Saw
Samir
7:20 Loom
9:32 Feudal Age
10:01 Double-Bit Axe
15:06 Horse Collar
17:23 Bloodlines
17:34 Scale Barding Armor
23:24 Castle Age
21:19 Gold Mining
24:08 Husbandry
24:33 Chain Barding Armor
SimonGood
12:04 Feudal Age
13:18 Double-Bit Axe
13:17 Horse Collar
15:53 Castle Age
17:44 Bow Saw
23:04 Pikeman
Julian
8:45 Loom
12:32 Feudal Age
13:40 Horse Collar
14:19 Double-Bit Axe
17:37 Castle Age
17:17 Double-Bit Axe
17:25 Stone Mining
17:30 Gold Mining
19:00 Wheelbarrow
19:19 Forging
19:15 Scale Barding Armor
21:35 Bloodlines
22:23 Husbandry
大清第一巴图鲁
0:39 Loom
12:44 Feudal Age
17:05 Castle Age
17:34 Double-Bit Axe
22:32 Scale Barding Armor
pxh42
11:45 Feudal Age
11:54 Feudal Age
12:27 Loom
17:10 Castle Age
15:33 Fletching
15:40 Double-Bit Axe
15:49 Horse Collar
16:08 Gold Mining
Connection lost

Rejoining the realm…

Still unreachable

The connection could not be restored.

Session expired

The server has moved on; the page needs a fresh start.